 Dungeon Crawl Stone Soup version 0.28.0-47-ge53b351184 (webtiles) character file.

Game seed: 1052966279246213240

67 Icepheonix32 the Chiller (level 4, 0/30 HPs)
             Began as a Demonspawn Ice Elementalist on May 5, 2022.
             Shot with a stone by a goblin (2 damage)
             ... led by Robin
             ... on level 3 of the Dungeon.
             The game lasted 00:02:57 (1979 turns).

Icepheonix32 the Chiller (DsIE)                     Turns: 1979, Time: 00:02:57

Health: 0/30       AC:  2    Str:  8    XL:     4   Next: 0%
Magic:  0/7        EV: 14    Int: 18    God:
Gold:   44         SH:  0    Dex: 14    Spells: 3/7 levels left

rFire   + . .      SeeInvis .   h - +0 dagger
rCold   + . .      Faith    .   (no shield)
rNeg    . . .      Spirit   .   a - +0 robe
rPois   +          Reflect  .   (no helmet)
rElec   +          Harm     .   (no cloak)
rCorr   +          Rampage  .   (no gloves)
Will    .....                   (no boots)
Stlth   ++........              (no amulet)
HPRegen 0.10/turn               (no ring)
MPRegen 0.10/turn               (no ring)

@: resistant, flying
A: repulsion field 1, powered by pain 1
a: no special abilities


You were on level 3 of the Dungeon.
You visited 1 branch of the dungeon, and saw 3 of its levels.

You collected 44 gold pieces.

Inventory:

Hand Weapons
 h - a +0 dagger (weapon)
 i - a +0 spear
 m - a +0 spear
Missiles
 n - 5 poisoned darts
Armour
 a - a +0 robe (worn)
Jewellery
 l - an amulet of the acrobat
Scrolls
 e - 3 scrolls of blinking {unknown}
 f - 2 scrolls of vulnerability {unknown}
 g - a scroll of identify {unknown}
 j - a scroll of fog {unknown}
Potions
 c - a potion of flight


   Skills:
 + Level 1.7 Dodging
 - Level 1.7 Stealth
 - Level 2.0 Spellcasting
 * Level 5.1 Ice Magic


You had 3 spell levels left.
You knew the following spells:

 Your Spells              Type           Power      Damage    Failure   Level
a - Freeze                Ice            80%        1d9       2%          1
b - Ozocubu's Armour      Ice            20%        N/A       7%          3

Your spell library contained the following spells:

 Spells                   Type           Power      Damage    Failure   Level
 Frozen Ramparts          Ice            40%        1d6       7%          3
 Hailstorm                Conj/Ice       11%        3d5       54%         4


Dungeon Overview and Level Annotations

Branches:
Dungeon (3/15)

Altars:
Trog

Shops:
D:2 (

Annotations:
D:3 Robin


Innate Abilities, Weirdness & Mutations

You are surrounded by a mild repulsion field. (EV +2)
You sometimes gain a little power by taking damage.


Message History

You feel protected. The endoplasm hits you.
Unknown command.
Casting: Freeze (safe; 2% risk of failure)
Confirm with . or Enter, or press ? or * to list all spells.
Aiming: Freeze (safe; 2% risk of failure)
Press: ? - help, Shift-Dir - straight line, f - dart slug
Aim: a dart slug You freeze the dart slug.
The dart slug is severely wounded.
The endoplasm closely misses you. The dart slug launches a dart at you.
The slug dart hits you.
* * * LOW HITPOINT WARNING * * *
Unknown command.
You hit the dart slug but do no damage.
The dart slug is severely wounded.
The endoplasm freezes you.
You are frozen.
You resist. The dart slug launches a dart at you. The slug dart hits you.
* * * LOW HITPOINT WARNING * * *
You hit the dart slug.
The dart slug is almost dead.
The endoplasm freezes you.
You are frozen.
You resist.
* * * LOW HITPOINT WARNING * * *
The dart slug bites you but does no damage.
Unknown command.
You hit the dart slug.
You kill the dart slug!
The endoplasm closely misses you.
The goblin shoots a stone.
The stone hits you.
* * * LOW HITPOINT WARNING * * *
You have reached level 4!
You feel agile.
You hit the endoplasm. You punch the endoplasm.
The endoplasm is heavily wounded.
The endoplasm misses you.
The goblin shoots a stone.
The stone hits you.
You die...

#w# #.........g
#.###...g...?..
#...g......gg..
#g........<....
#gJ............ ####..
####.###.......##.
.....##..#.###..........
#....K#)).g........?...#
#.....#@#.##...#...###.!
#.....J.#.##.###.### ##
#.......#.## # #.
#.....###.. #. #....<#
#.. #..........#
#.....#......
#............ ........
.....


You could see an endoplasm and a goblin.

Vanquished Creatures
  2 adders
  4 dart slugs
  5 endoplasms
  A giant cockroach (D:1)
  9 goblins
  3 hobgoblins (D:1)
  5 ball pythons
  3 bats
  A frilled lizard (D:2)
  4 kobolds
  3 rats
40 creatures vanquished.

Notes
Turn   | Place    | Note
-------+----------+-------------------------------------------
     0 | D:1      | Icepheonix32 the Demonspawn Ice Elementalist began the
                  | quest for the Orb.
     0 | D:1      | Reached XP level 1. HP: 13/13 MP: 3/3
   388 | D:1      | Reached skill level 4 in Ice Magic
   444 | D:1      | Gained mutation: You sometimes gain a little power by
                  | taking damage. [demonic ancestry]
   444 | D:1      | Reached XP level 2. HP: 19/19 MP: 3/5
  1142 | D:2      | Gained mutation: You are surrounded by a mild repulsion
                  | field. (EV +2) [demonic ancestry]
  1142 | D:2      | Reached XP level 3. HP: 15/24 MP: 1/6
  1147 | D:2      | Learned a level 3 spell: Ozocubu's Armour
  1270 | D:2      | Found Nitotuma's Weapon Shoppe.
  1351 | D:2      | Found a faded altar of an unknown god.
  1595 | D:2      | Found a bloodstained altar of Trog.
  1910 | D:3      | Noticed Robin
  1944 | D:3      | Reached skill level 5 in Ice Magic
  1979 | D:3      | Reached XP level 4. HP: 2/30 MP: 0/7
  1979 | D:3      | Shot with a stone by a goblin

Illustrated notes

Levels and vault maps discovered:
D:1:      lemuel_arrival_room, layout_rooms, serial_curves, eino_curves_01,
          eino_curves_02, eino_curves_03, eino_curves_02
D:2:      layout_rooms, serial_shops, nicolae_square_shop,
          shapermc_ecumenical_altar_ellora, basic_altar, st_stairs_7,
          minmay_misc_feat_chi, chequers_garden
D:3:      layout_rooms, gup_sewer_entry_bubbles, ebering_ghost_sewer_d,
          minmay_checkerbox, uniq_terence, uniq_robin, uniq_crazy_yiuf_cottage,
          uniq_grinder, uniq_sigmund

Skill      XL: |  1  2  3 |
---------------+----------+-----
Ice Magic      | 4 5 |  5.1
Dodging        | |  1.7
Stealth        | |  1.7
Spellcasting   | |  2.0

Action                   |  1- 3 |  4- 6 || total
-------------------------+-------+-------++-------
Melee: Dagger            |    28 |     1 ||    29
       Punch             |     1 |     1 ||     2
 Cast: Freeze            |    60 |       ||    60
  Use: Potion            |     4 |       ||     4
 Stab: Sleeping          |     3 |       ||     3
Armor: Robe              |    10 |       ||    10
Dodge: Dodged            |    54 |     1 ||    55
